2933 views
Uploaded 2020-01-06 20:30:52
Game version 1.32.0.4
19:02 long 3on3 ladder game on (6)GnollWood
Saved by BEARAND
2933 views
Uploaded 2020-01-06 20:30:52
Game version 1.32.0.4
19:02 long 3on3 ladder game on (6)GnollWood


100 units @ 12.3k
/ 1.7k
96 buildings @ 10.7k
/ 5.8k



| Scroll of Regeneration | 1 | 100 |
| Lesser Clarity Potion | 1 | 70 |
| total: | 2 | 170g |
| Peasant | 18 | 1350 | / | 0 |
| Footman | 7 | 945 | / | 0 |
| Flying Machine | 16 | 1600 | / | 480 |
| Siege Engine | 1 | 195 | / | 60 |
| Forest Troll Shadow Priest | 1 | 195 | / | 10 |
| total: | 43 | 4285g | / | 550w |
| Scout Tower | 13 | 390 | / | 260 |
| Arcane Tower | 2 | 140 | / | 100 |
| Guard Tower | 7 | 490 | / | 350 |
| Altar of Kings | 1 | 180 | / | 50 |
| Barracks | 1 | 160 | / | 60 |
| Farm | 11 | 880 | / | 220 |
| Lumber Mill | 1 | 120 | / | 0 |
| Blacksmith | 1 | 140 | / | 60 |
| Arcane Vault | 1 | 130 | / | 30 |
| Workshop | 2 | 280 | / | 280 |
| Gryphon Aviary | 1 | 140 | / | 150 |
| Keep | 1 | 320 | / | 210 |
| Castle | 1 | 360 | / | 210 |
| total: | 32 | 2420g | / | 1110w |
| 0:03 | Peasant |
| 0:04 | Peasant |
| 0:04 | Peasant |
| 0:11 | Altar of Kings |
| 0:23 | Barracks |
| 0:36 | Farm |
| 0:39 | Peasant |
| 0:51 | Farm |
| 1:02 | Peasant |
| 1:05 | Peasant |
| 1:25 | Peasant |
| 1:27 | Footman |
| 1:33 | Farm |
| 1:49 | Footman |
| 2:03 | Lumber Mill |
| 2:08 | Peasant |
| 2:08 | Peasant |
| 2:08 | Peasant |
| 2:12 | Scout Tower |
| 2:15 | Scout Tower |
| 2:20 | Thunder Clap |
| 2:49 | Arcane Tower |
| 2:54 | Peasant |
| 3:24 | Guard Tower |
| 3:33 | Keep |
| 3:40 | Scout Tower |
| 4:06 | Footman |
| 4:06 | Footman |
| 4:06 | Footman |
| 4:30 | Guard Tower |
| 4:43 | Footman |
| 4:43 | Footman |
| 4:49 | Blacksmith |
| 5:01 | Scout Tower |
| 5:08 | Scout Tower |
| 5:40 | Scout Tower |
| 6:06 | Guard Tower |
| 6:08 | Arcane Tower |
| 6:11 | Scout Tower |
| 6:12 | Peasant |
| 6:13 | Peasant |
| 6:13 | Peasant |
| 6:24 | Farm |
| 6:38 | Farm |
| 6:40 | Farm |
| 6:42 | Farm |
| 6:43 | Farm |
| 6:50 | Guard Tower |
| 6:54 | Scout Tower |
| 7:20 | Storm Bolt |
| 7:31 | Guard Tower |
| 7:34 | Castle |
| 7:41 | Workshop |
| 8:40 | Scout Tower |
| 8:45 | Scout Tower |
| 9:00 | Siphon Mana |
| 9:21 | Workshop |
| 9:31 | Farm |
| 9:40 | Black Gunpowder |
| 9:43 | Iron Plating |
| 9:49 | Flak Cannons |
| 10:01 | Farm |
| 10:20 | Arcane Vault |
| 10:26 | Guard Tower |
| 10:51 | Flying Machine Bombs |
| 10:51 | Flying Machine |
| 10:52 | Flying Machine |
| 10:52 | Flying Machine |
| 11:24 | Flying Machine |
| 11:33 | Improved Lumber Harvesting |
| 11:35 | Peasant |
| 11:35 | Peasant |
| 11:36 | Peasant |
| 11:37 | Peasant |
| 12:11 | Forest Troll Shadow Priest |
| 12:39 | Scroll of Regeneration |
| 12:48 | Lesser Clarity Potion |
| 12:58 | Scout Tower |
| 13:00 | Scout Tower |
| 13:03 | Scout Tower |
| 13:06 | Farm |
| 13:11 | Flying Machine |
| 13:37 | Holy Light |
| 14:01 | Flying Machine |
| 14:01 | Flying Machine |
| 14:01 | Flying Machine |
| 14:15 | Guard Tower |
| 14:21 | Flying Machine |
| 14:49 | Refined Gunpowder |
| 15:16 | Flying Machine |
| 16:14 | Flying Machine |
| 16:14 | Flying Machine |
| 16:14 | Flying Machine |
| 17:29 | Flying Machine |
| 17:29 | Flying Machine |
| 18:01 | Flying Machine |
| 18:02 | Siege Engine |
| 18:54 | Gryphon Aviary |
| Right click | 946 |
| Select group | 277 |
| Select | 272 |
| Build/train/purchase | 84 |
| Assign group | 19 |
| Use ability | 9 |
| Misc. action | 4 |
| Remove unit | 4 |
| Esc | 1 |
| Minimap ping | 1 |

| Healing Salve | 1 | 100 |
| total: | 1 | 100g |
| Peon | 20 | 1500 | / | 0 |
| Troll Batrider | 15 | 2400 | / | 600 |
| total: | 35 | 3900g | / | 600w |
| Watch Tower | 21 | 2310 | / | 1680 |
| Altar of Storms | 1 | 180 | / | 50 |
| Orc Burrow | 6 | 960 | / | 240 |
| War Mill | 1 | 205 | / | 0 |
| Voodoo Lounge | 1 | 130 | / | 30 |
| Great Hall | 1 | 385 | / | 185 |
| Beastiary | 2 | 290 | / | 280 |
| Stronghold | 1 | 315 | / | 190 |
| Fortress | 1 | 325 | / | 190 |
| total: | 33 | 4460g | / | 2465w |
| 0:02 | Peon |
| 0:02 | Peon |
| 0:09 | Altar of Storms |
| 0:15 | Peon |
| 0:19 | Orc Burrow |
| 0:28 | Peon |
| 0:39 | Peon |
| 1:13 | War Mill |
| 1:26 | Voodoo Lounge |
| 1:30 | Peon |
| 1:30 | Peon |
| 1:47 | Peon |
| 2:06 | Peon |
| 2:15 | Wind Walk |
| 2:26 | Watch Tower |
| 2:54 | Watch Tower |
| 2:56 | Stronghold |
| 3:31 | Watch Tower |
| 3:57 | Watch Tower |
| 4:49 | Watch Tower |
| 5:18 | Fortress |
| 5:25 | Beastiary |
| 5:32 | Beastiary |
| 6:03 | Watch Tower |
| 6:06 | Watch Tower |
| 6:44 | Orc Burrow |
| 6:46 | Spiked Barricades |
| 6:53 | Orc Burrow |
| 6:57 | Orc Burrow |
| 7:01 | Healing Salve |
| 7:20 | Orc Burrow |
| 7:39 | Watch Tower |
| 7:42 | Peon |
| 8:16 | Critical Strike |
| 8:29 | Troll Batrider |
| 8:30 | Troll Batrider |
| 8:35 | Liquid Fire |
| 8:41 | Troll Batrider |
| 8:44 | Peon |
| 8:44 | Peon |
| 9:05 | Watch Tower |
| 9:15 | Peon |
| 9:15 | Peon |
| 9:28 | Troll Batrider |
| 9:45 | Troll Batrider |
| 10:44 | Troll Batrider |
| 11:08 | Great Hall |
| 11:21 | Steel Ranged Weapons |
| 11:28 | Watch Tower |
| 11:34 | Peon |
| 11:35 | Peon |
| 11:35 | Peon |
| 11:35 | Peon |
| 11:43 | Troll Batrider |
| 11:48 | Orc Burrow |
| 12:06 | Watch Tower |
| 12:08 | Watch Tower |
| 12:42 | Troll Batrider |
| 13:23 | Thorium Ranged Weapons |
| 13:28 | Watch Tower |
| 13:30 | Watch Tower |
| 13:33 | Watch Tower |
| 14:00 | Peon |
| 14:00 | Peon |
| 14:17 | Improved Spiked Barricades |
| 14:17 | Reinforced Defenses |
| 15:01 | Watch Tower |
| 15:05 | Watch Tower |
| 16:37 | Troll Batrider |
| 16:46 | Watch Tower |
| 16:49 | Watch Tower |
| 16:56 | Arcanite Ranged Weapons |
| 17:10 | Troll Batrider |
| 17:10 | Troll Batrider |
| 17:22 | Watch Tower |
| 18:02 | Troll Batrider |
| 18:02 | Troll Batrider |
| 18:02 | Troll Batrider |
| 18:02 | Troll Batrider |
| 18:31 | Watch Tower |
| Right click | 851 |
| Select | 206 |
| Build/train/purchase | 63 |
| Select group | 21 |
| Use ability | 13 |
| Assign group | 6 |
| Remove unit | 1 |
| Esc | 1 |
| Minimap ping | 1 |

| Healing Salve | 2 | 200 |
| Lesser Clarity Potion | 6 | 420 |
| Potion of Mana | 1 | 200 |
| Orb of Lightning | 1 | 375 |
| Scroll of Town Portal | 1 | 350 |
| total: | 11 | 1545g |
| Peon | 9 | 675 | / | 0 |
| Wind Rider | 13 | 3445 | / | 520 |
| total: | 22 | 4120g | / | 520w |
| Watch Tower | 23 | 2530 | / | 1840 |
| Altar of Storms | 1 | 180 | / | 50 |
| Orc Burrow | 4 | 640 | / | 160 |
| War Mill | 1 | 205 | / | 0 |
| Voodoo Lounge | 1 | 130 | / | 30 |
| Beastiary | 1 | 145 | / | 140 |
| Stronghold | 1 | 315 | / | 190 |
| Fortress | 1 | 325 | / | 190 |
| total: | 31 | 3830g | / | 2220w |
| 0:03 | Peon |
| 0:03 | Peon |
| 0:09 | Altar of Storms |
| 0:19 | Orc Burrow |
| 0:24 | Peon |
| 0:36 | Peon |
| 0:44 | Peon |
| 1:08 | War Mill |
| 1:18 | Peon |
| 1:38 | Voodoo Lounge |
| 1:58 | Peon |
| 2:10 | Peon |
| 2:12 | Orc Burrow |
| 2:16 | Wind Walk |
| 3:30 | Watch Tower |
| 3:32 | Watch Tower |
| 3:33 | Watch Tower |
| 3:38 | Watch Tower |
| 3:39 | Watch Tower |
| 3:40 | Watch Tower |
| 3:45 | Watch Tower |
| 3:46 | Watch Tower |
| 3:46 | Watch Tower |
| 4:11 | Watch Tower |
| 4:12 | Watch Tower |
| 4:18 | Watch Tower |
| 4:19 | Watch Tower |
| 4:58 | Stronghold |
| 5:56 | Watch Tower |
| 5:59 | Watch Tower |
| 6:00 | Watch Tower |
| 6:10 | Watch Tower |
| 6:12 | Watch Tower |
| 6:13 | Watch Tower |
| 6:17 | Healing Salve |
| 6:22 | Lesser Clarity Potion |
| 6:40 | Watch Tower |
| 6:41 | Watch Tower |
| 6:43 | Watch Tower |
| 6:45 | Watch Tower |
| 8:29 | Fortress |
| 8:58 | Lesser Clarity Potion |
| 9:02 | Potion of Mana |
| 9:04 | Lesser Clarity Potion |
| 9:31 | Beastiary |
| 10:12 | Spiked Barricades |
| 10:23 | Healing Salve |
| 10:56 | Peon |
| 11:05 | Wind Rider |
| 11:06 | Wind Rider |
| 11:41 | Wind Rider |
| 11:42 | Envenomed Spears |
| 12:26 | Orc Burrow |
| 12:48 | Lesser Clarity Potion |
| 13:03 | Wind Rider |
| 13:58 | Wind Rider |
| 13:59 | Wind Rider |
| 14:13 | Scroll of Town Portal |
| 14:14 | Orb of Lightning |
| 14:17 | Lesser Clarity Potion |
| 14:27 | Wind Rider |
| 14:32 | Orc Burrow |
| 15:03 | Critical Strike |
| 15:41 | Wind Rider |
| 15:41 | Wind Rider |
| 17:20 | Wind Rider |
| 17:20 | Wind Rider |
| 17:33 | Lesser Clarity Potion |
| 17:55 | Wind Rider |
| 17:55 | Wind Rider |
| 18:00 | Steel Armor |
| Right click | 517 |
| Select | 197 |
| Build/train/purchase | 66 |
| Select group | 60 |
| Assign group | 8 |
| Use ability | 7 |
| Remove unit | 1 |
| Esc | 1 |
| Minimap ping | 1 |
61 units @ 5.7k
/ 0.5k
154 buildings @ 11.2k
/ 6.2k
iggythefisk
(19:03) : 


| Staff of Sanctuary | 1 | 250 |
| Boots of Speed | 3 | 750 |
| Staff of Teleportation | 3 | 450 |
| Healing Salve | 1 | 100 |
| Orb of Lightning | 2 | 750 |
| total: | 10 | 2300g |
| Peasant | 21 | 1575 | / | 0 |
| total: | 21 | 1575g | / | 0w |
| Scout Tower | 40 | 1200 | / | 800 |
| Arcane Tower | 6 | 420 | / | 300 |
| Guard Tower | 22 | 1540 | / | 1100 |
| Altar of Kings | 1 | 180 | / | 50 |
| Farm | 3 | 240 | / | 60 |
| Lumber Mill | 1 | 120 | / | 0 |
| Town Hall | 1 | 385 | / | 205 |
| Arcane Vault | 3 | 390 | / | 90 |
| Arcane Sanctum | 3 | 450 | / | 420 |
| Keep | 1 | 320 | / | 210 |
| Castle | 1 | 360 | / | 210 |
| total: | 52 | 2965g | / | 1625w |
| 0:02 | Peasant |
| 0:04 | Altar of Kings |
| 0:08 | Peasant |
| 0:19 | Farm |
| 0:19 | Peasant |
| 0:25 | Peasant |
| 0:34 | Lumber Mill |
| 0:36 | Peasant |
| 0:48 | Peasant |
| 0:55 | Farm |
| 1:07 | Peasant |
| 1:15 | Scout Tower |
| 1:20 | Scout Tower |
| 1:23 | Peasant |
| 1:34 | Peasant |
| 1:42 | Peasant |
| 1:50 | Arcane Tower |
| 1:53 | Scout Tower |
| 1:55 | Peasant |
| 2:01 | Arcane Tower |
| 2:04 | Peasant |
| 2:19 | Scout Tower |
| 2:19 | Guard Tower |
| 2:23 | Summon Water Elemental |
| 2:46 | Peasant |
| 2:49 | Guard Tower |
| 2:50 | Scout Tower |
| 3:24 | Guard Tower |
| 3:25 | Scout Tower |
| 3:28 | Peasant |
| 3:29 | Improved Masonry |
| 3:39 | Scout Tower |
| 4:02 | Guard Tower |
| 4:07 | Healing Salve |
| 4:23 | Scout Tower |
| 4:25 | Scout Tower |
| 4:26 | Guard Tower |
| 4:40 | Keep |
| 4:49 | Boots of Speed |
| 4:49 | Staff of Teleportation |
| 5:03 | Scout Tower |
| 5:12 | Scout Tower |
| 5:32 | Scout Tower |
| 5:56 | Brilliance Aura |
| 6:25 | Town Hall |
| 6:28 | Scout Tower |
| 6:28 | Scout Tower |
| 6:29 | Scout Tower |
| 6:30 | Scout Tower |
| 6:30 | Scout Tower |
| 6:31 | Scout Tower |
| 6:43 | Arcane Vault |
| 6:45 | Scout Tower |
| 6:45 | Scout Tower |
| 6:46 | Guard Tower |
| 6:54 | Arcane Tower |
| 7:30 | Guard Tower |
| 7:34 | Farm |
| 7:45 | Guard Tower |
| 7:55 | Guard Tower |
| 7:57 | Scout Tower |
| 7:58 | Scout Tower |
| 8:29 | Guard Tower |
| 8:30 | Peasant |
| 8:30 | Peasant |
| 8:35 | Scout Tower |
| 8:36 | Scout Tower |
| 8:37 | Peasant |
| 8:45 | Summon Water Elemental |
| 8:51 | Peasant |
| 8:52 | Peasant |
| 9:00 | Scout Tower |
| 9:01 | Scout Tower |
| 9:04 | Arcane Tower |
| 9:05 | Guard Tower |
| 9:09 | Peasant |
| 9:09 | Peasant |
| 9:12 | Guard Tower |
| 9:13 | Storm Bolt |
| 9:24 | Orb of Lightning |
| 9:30 | Boots of Speed |
| 9:31 | Staff of Teleportation |
| 9:43 | Guard Tower |
| 9:45 | Guard Tower |
| 9:48 | Scout Tower |
| 9:49 | Scout Tower |
| 10:14 | Guard Tower |
| 10:15 | Scout Tower |
| 10:43 | Guard Tower |
| 10:48 | Scout Tower |
| 10:50 | Guard Tower |
| 10:52 | Scout Tower |
| 11:03 | Castle |
| 11:29 | Arcane Sanctum |
| 11:38 | Guard Tower |
| 11:55 | Arcane Tower |
| 12:01 | Arcane Vault |
| 12:24 | Arcane Vault |
| 12:34 | Advanced Masonry |
| 12:51 | Magic Sentry |
| 13:13 | Scout Tower |
| 13:19 | Arcane Sanctum |
| 13:41 | Scout Tower |
| 13:43 | Guard Tower |
| 14:26 | Scout Tower |
| 14:45 | Holy Light |
| 14:58 | Arcane Sanctum |
| 14:58 | Guard Tower |
| 15:18 | Bash |
| 15:57 | Orb of Lightning |
| 16:01 | Scout Tower |
| 16:40 | Guard Tower |
| 17:07 | Scout Tower |
| 17:12 | Arcane Tower |
| 17:19 | Staff of Sanctuary |
| 17:39 | Boots of Speed |
| 17:40 | Staff of Teleportation |
| 17:55 | Guard Tower |
| 18:23 | Scout Tower |
| 18:25 | Scout Tower |
| 18:25 | Scout Tower |
| 18:26 | Scout Tower |
| Right click | 929 |
| Select group | 447 |
| Assign group | 341 |
| Select | 330 |
| Chat | 194 |
| Build/train/purchase | 116 |
| Misc. action | 71 |
| Use ability | 34 |
| Resource trade | 32 |
| Item give/drop | 5 |
| Remove unit | 1 |
| Minimap ping | 1 |
BEARAND
(19:03) : 


| Staff of Sanctuary | 3 | 750 |
| Boots of Speed | 3 | 750 |
| Staff of Teleportation | 3 | 450 |
| Healing Salve | 1 | 100 |
| Orb of Lightning | 2 | 750 |
| total: | 12 | 2800g |
| Peasant | 15 | 1125 | / | 0 |
| Priest | 1 | 135 | / | 10 |
| total: | 16 | 1260g | / | 10w |
| Scout Tower | 51 | 1530 | / | 1020 |
| Arcane Tower | 6 | 420 | / | 300 |
| Guard Tower | 42 | 2940 | / | 2100 |
| Altar of Kings | 1 | 180 | / | 50 |
| Farm | 4 | 320 | / | 80 |
| Lumber Mill | 1 | 120 | / | 0 |
| Arcane Vault | 2 | 260 | / | 60 |
| Town Hall | 2 | 770 | / | 410 |
| Arcane Sanctum | 1 | 150 | / | 140 |
| Keep | 2 | 640 | / | 420 |
| Castle | 1 | 360 | / | 210 |
| total: | 62 | 3330g | / | 1760w |
| 0:02 | Peasant |
| 0:02 | Peasant |
| 0:07 | Altar of Kings |
| 0:14 | Peasant |
| 0:18 | Farm |
| 0:24 | Peasant |
| 0:46 | Peasant |
| 0:49 | Farm |
| 0:52 | Scout Tower |
| 0:53 | Peasant |
| 1:04 | Lumber Mill |
| 1:07 | Peasant |
| 1:23 | Peasant |
| 1:26 | Scout Tower |
| 1:38 | Arcane Tower |
| 1:45 | Peasant |
| 2:03 | Scout Tower |
| 2:03 | Scout Tower |
| 2:08 | Blizzard |
| 2:13 | Guard Tower |
| 2:14 | Peasant |
| 2:15 | Peasant |
| 2:40 | Peasant |
| 3:07 | Keep |
| 3:08 | Guard Tower |
| 3:30 | Brilliance Aura |
| 3:39 | Guard Tower |
| 3:49 | Scout Tower |
| 3:49 | Scout Tower |
| 4:35 | Guard Tower |
| 4:38 | Scout Tower |
| 4:39 | Scout Tower |
| 4:42 | Farm |
| 4:44 | Farm |
| 4:44 | Improved Masonry |
| 4:47 | Guard Tower |
| 5:01 | Healing Salve |
| 5:16 | Guard Tower |
| 5:19 | Scout Tower |
| 6:04 | Boots of Speed |
| 6:04 | Staff of Teleportation |
| 6:10 | Guard Tower |
| 6:10 | Scout Tower |
| 6:11 | Scout Tower |
| 6:12 | Scout Tower |
| 6:16 | Arcane Sanctum |
| 6:26 | Guard Tower |
| 6:28 | Storm Bolt |
| 6:45 | Castle |
| 6:52 | Staff of Teleportation |
| 7:11 | Boots of Speed |
| 7:35 | Guard Tower |
| 7:36 | Magic Sentry |
| 7:37 | Priest |
| 8:19 | Blizzard |
| 8:48 | Arcane Vault |
| 8:51 | Advanced Masonry |
| 8:51 | Improved Lumber Harvesting |
| 8:54 | Scout Tower |
| 8:56 | Scout Tower |
| 8:56 | Scout Tower |
| 8:58 | Scout Tower |
| 8:59 | Scout Tower |
| 9:17 | Bash |
| 9:46 | Guard Tower |
| 9:50 | Scout Tower |
| 9:51 | Scout Tower |
| 9:51 | Scout Tower |
| 9:51 | Scout Tower |
| 10:06 | Guard Tower |
| 10:07 | Arcane Tower |
| 10:16 | Arcane Tower |
| 10:30 | Holy Light |
| 10:49 | Staff of Sanctuary |
| 11:06 | Boots of Speed |
| 11:06 | Staff of Teleportation |
| 11:57 | Arcane Vault |
| 12:27 | Town Hall |
| 12:29 | Town Hall |
| 12:31 | Scout Tower |
| 12:32 | Scout Tower |
| 12:32 | Scout Tower |
| 12:32 | Scout Tower |
| 12:33 | Scout Tower |
| 12:33 | Scout Tower |
| 12:34 | Scout Tower |
| 12:34 | Scout Tower |
| 12:35 | Scout Tower |
| 12:36 | Scout Tower |
| 12:37 | Scout Tower |
| 12:38 | Scout Tower |
| 12:38 | Scout Tower |
| 13:08 | Guard Tower |
| 13:09 | Guard Tower |
| 13:21 | Guard Tower |
| 13:22 | Guard Tower |
| 13:33 | Guard Tower |
| 13:33 | Guard Tower |
| 13:34 | Guard Tower |
| 13:54 | Guard Tower |
| 13:55 | Guard Tower |
| 14:02 | Scout Tower |
| 14:03 | Scout Tower |
| 14:03 | Scout Tower |
| 14:05 | Guard Tower |
| 14:06 | Scout Tower |
| 14:51 | Guard Tower |
| 14:52 | Guard Tower |
| 14:56 | Orb of Lightning |
| 15:02 | Staff of Sanctuary |
| 16:10 | Storm Bolt |
| 16:23 | Imbued Masonry |
| 16:30 | Scout Tower |
| 16:31 | Scout Tower |
| 16:32 | Peasant |
| 16:32 | Peasant |
| 16:33 | Peasant |
| 16:36 | Arcane Tower |
| 16:37 | Guard Tower |
| 16:39 | Scout Tower |
| 17:08 | Guard Tower |
| 17:12 | Guard Tower |
| 17:18 | Scout Tower |
| 17:19 | Scout Tower |
| 17:39 | Divine Shield |
| 17:42 | Orb of Lightning |
| 17:44 | Arcane Tower |
| 17:44 | Guard Tower |
| 17:47 | Staff of Sanctuary |
| 18:22 | Guard Tower |
| 18:23 | Guard Tower |
| 18:31 | Advanced Lumber Harvesting |
| 18:33 | Scout Tower |
| 18:33 | Scout Tower |
| 18:34 | Scout Tower |
| 18:34 | Scout Tower |
| 18:36 | Scout Tower |
| 18:36 | Scout Tower |
| 18:37 | Scout Tower |
| 18:37 | Scout Tower |
| 18:58 | Brilliance Aura |
| Right click | 1488 |
| Select | 396 |
| Select group | 204 |
| Chat | 115 |
| Build/train/purchase | 112 |
| Use ability | 58 |
| Assign group | 12 |
| Minimap ping | 12 |
| Resource trade | 11 |
| Misc. action | 6 |
| Remove unit | 6 |
| Item give/drop | 4 |


| Healing Salve | 1 | 100 |
| Lesser Clarity Potion | 2 | 140 |
| Orb of Lightning | 2 | 750 |
| Circlet of Nobility | 1 | 175 |
| Boots of Speed | 2 | 500 |
| Staff of Teleportation | 2 | 300 |
| Periapt of Vitality | 1 | 325 |
| Staff of Sanctuary | 2 | 500 |
| total: | 13 | 2790g |
| Peon | 11 | 825 | / | 0 |
| Troll Batrider | 13 | 2080 | / | 520 |
| total: | 24 | 2905g | / | 520w |
| Watch Tower | 29 | 3190 | / | 2320 |
| Altar of Storms | 1 | 180 | / | 50 |
| Orc Burrow | 5 | 800 | / | 200 |
| War Mill | 1 | 205 | / | 0 |
| Voodoo Lounge | 3 | 390 | / | 90 |
| Beastiary | 1 | 145 | / | 140 |
| Stronghold | 1 | 315 | / | 190 |
| Fortress | 1 | 325 | / | 190 |
| total: | 40 | 4910g | / | 2800w |
| 0:04 | Peon |
| 0:04 | Peon |
| 0:06 | Altar of Storms |
| 0:17 | Orc Burrow |
| 0:18 | Orc Burrow |
| 0:23 | Peon |
| 0:32 | Peon |
| 0:51 | War Mill |
| 0:56 | Peon |
| 1:12 | Voodoo Lounge |
| 1:20 | Peon |
| 1:32 | Voodoo Lounge |
| 1:38 | Peon |
| 1:50 | Peon |
| 2:01 | Orc Burrow |
| 2:07 | Wind Walk |
| 2:15 | Healing Salve |
| 2:15 | Lesser Clarity Potion |
| 2:15 | Lesser Clarity Potion |
| 2:22 | Peon |
| 2:22 | Peon |
| 2:38 | Watch Tower |
| 2:50 | Watch Tower |
| 3:02 | Voodoo Lounge |
| 3:12 | Circlet of Nobility |
| 3:38 | Stronghold |
| 4:00 | Watch Tower |
| 4:41 | Watch Tower |
| 4:43 | Watch Tower |
| 4:51 | Boots of Speed |
| 4:51 | Staff of Teleportation |
| 5:16 | Watch Tower |
| 6:08 | Fortress |
| 6:11 | Reinforced Defenses |
| 6:13 | Spiked Barricades |
| 6:17 | Beastiary |
| 7:20 | Critical Strike |
| 7:22 | Troll Batrider |
| 7:22 | Troll Batrider |
| 7:56 | Hex |
| 8:45 | Orc Burrow |
| 8:47 | Peon |
| 8:48 | Watch Tower |
| 8:49 | Watch Tower |
| 8:50 | Watch Tower |
| 8:50 | Watch Tower |
| 9:05 | Staff of Teleportation |
| 9:07 | Boots of Speed |
| 10:05 | Orb of Lightning |
| 10:43 | Troll Batrider |
| 10:43 | Troll Batrider |
| 10:45 | Watch Tower |
| 10:46 | Watch Tower |
| 10:48 | Watch Tower |
| 11:12 | Watch Tower |
| 11:13 | Watch Tower |
| 11:38 | Troll Batrider |
| 11:38 | Troll Batrider |
| 12:31 | Troll Batrider |
| 12:32 | Liquid Fire |
| 12:37 | Watch Tower |
| 12:37 | Watch Tower |
| 12:50 | Wind Walk |
| 12:56 | Healing Wave |
| 13:15 | Watch Tower |
| 13:17 | Watch Tower |
| 14:08 | Staff of Sanctuary |
| 14:11 | Orb of Lightning |
| 14:27 | Watch Tower |
| 14:29 | Watch Tower |
| 14:46 | Periapt of Vitality |
| 14:52 | Troll Batrider |
| 14:53 | Troll Batrider |
| 17:27 | Watch Tower |
| 17:27 | Watch Tower |
| 17:34 | Watch Tower |
| 17:35 | Watch Tower |
| 17:36 | Watch Tower |
| 17:37 | Watch Tower |
| 17:47 | Troll Batrider |
| 17:47 | Troll Batrider |
| 17:47 | Troll Batrider |
| 17:50 | Troll Batrider |
| 17:52 | Orc Burrow |
| 18:04 | Staff of Sanctuary |
| 18:35 | Watch Tower |
| 18:37 | Watch Tower |
| Right click | 1376 |
| Select group | 784 |
| Select | 180 |
| Build/train/purchase | 77 |
| Use ability | 53 |
| Minimap ping | 25 |
| Chat | 25 |
| Misc. action | 21 |
| Assign group | 14 |
| Item give/drop | 12 |
| Resource trade | 4 |
| Esc | 1 |